 Dungeon Crawl Stone Soup version 0.23-a0-151-gf6d1ed2 (webtiles) character file.

7 Amnesiac the Magician (level 1, -3/13 HPs)
             Began as a Mummy Ice Elementalist on Sept 8, 2018.
             Slain by Edmund
             ... wielding a +6 dire flail of protection
              (13 damage)
             ... on level 4 of the Dungeon.
             The game lasted 00:01:08 (248 turns).

Amnesiac the Magician (Mummy Ice Elementalist)       Turns: 248, Time: 00:01:09

Health: -3/13      AC:  2    Str: 11    XL:     1   Next: 91%
Magic:  4/4        EV: 12    Int: 14    God:
Gold:   0          SH:  0    Dex: 12    Spells: 4/5 levels left

rFire    x . .     SeeInvis .   (no weapon)
rCold    + . .     Gourm    .   (no shield)
rNeg     + + +     Faith    .   a - +0 robe
rPois    ∞         Spirit   .   (no helmet)
rElec    .         Reflect  .   (no cloak)
rCorr    .         Harm     .   (no gloves)
MR       .....                  (no boots)
Stlth    ++........             (no amulet)
HPRegen  0.04/turn              (no ring)
MPRegen  0.09/turn              (no ring)

@: no status effects
A: no food or potions, fire vulnerability, cold resistance 1, negative energy
resistance 3, torment resistance, unbreathing
a: no special abilities


You were on level 4 of the Dungeon.
You were not hungry.

You visited 1 branch of the dungeon, and saw 4 of its levels.

Inventory:

Armour
 a - a +0 robe (worn)
Scrolls
 b - a scroll of remove curse {!r, unknown}


   Skills:
 - Level 1.5 Dodging
 - Level 1.5 Stealth
 + Level 2.8 Spellcasting
   Level 0.7 Conjurations
 * Level 2.8 Ice Magic


You had 4 spell levels left.
You knew the following spells:

 Your Spells              Type           Power        Failure   Level  Hunger
a - Freeze                Ice            #...         7%          1    N/A

Your spell library contained the following spells:

 Spells                   Type           Power        Failure   Level  Hunger
 Throw Frost              Conj/Ice       #.....       16%         2    N/A
 Ozocubu's Armour         Chrm/Ice       #.......     36%         3    N/A
 Throw Icicle             Conj/Ice       #.......     71%         4    N/A
 Summon Ice Beast         Ice/Summ       #.......     77%         4    N/A

Dungeon Overview and Level Annotations

Branches:
Dungeon (4/15)             Temple (0/1) D:4

Altars:
Uskayaw

Annotations:
D:2 Sigmund
D:4 exclusion: howler monkey, Edmund, Eustachio


Innate Abilities, Weirdness & Mutations

You do not eat or drink.
Your flesh is vulnerable to fire.
You are immune to poison.
Your flesh is cold resistant. (rC+)
You are immune to negative energy. (rN+++)
You are immune to unholy pain and torment.
You can survive without breathing.


Message History

The bat is heavily wounded.
The bat barely misses you. The bat barely misses you.
Casting: Freeze (safe; 8% risk of failure)
Confirm with . or Enter, or press ? or * to list all spells.
Aiming: Freeze (safe; 8% risk of failure)
Press: ? - help, Shift-Dir - straight line, f/p - bat
Aim: a bat (heavily wounded)
You freeze the bat.
You kill the bat!
You see here a bat corpse.
There is a stone staircase leading down here.
You start resting.
HP restored.
You start resting.
Magic restored.
You start resting.
Magic restored.
You climb downwards.
A howler monkey comes into view.
Found 38 arrows.
There is a stone staircase leading up here.
Press: ? - help, v - describe, . - travel The floor.
A giant cockroach comes into view.
Found a stone staircase leading up.
Found a staircase to the Ecumenical Temple.
Casting: Freeze (safe; 7% risk of failure)
Confirm with . or Enter, or press ? or * to list all spells.
Aiming: Freeze (safe; 7% risk of failure)
Press: ? - help, Shift-Dir - straight line, f - giant cockroach
Aim: a giant cockroach (clinging, resting)
You freeze the giant cockroach.
You kill the giant cockroach!
Casting: Freeze (safe; 7% risk of failure)
Confirm with . or Enter, or press ? or * to list all spells.
You can't see any susceptible monsters within range! (Use Z to cast anyway.) Edmund the Younger comes into view.
He is wielding a dire flail of protection.
Edmund picks up a glowing emerald potion.
Found a hide-covered altar of Uskayaw.
Really walk into a travel-excluded area?
Edmund says, "I might not be good at magic, but I can still kill you!"
Edmund says, "You wouldn't believe how much I paid for this flail."
Found a scroll labeled MENEXZ NALISS.
You see here a scroll labeled MENEXZ NALISS {!r}.
b - a scroll labeled MENEXZ NALISS {!r} Eustachio the Magnificent comes into view.
He is wielding a falchion.
Eustachio shouts!
Eustachio hits you with a falchion.
Eustachio mumbles some strange words.
Eustachio blinks!
Eustachio screams, "This atrocity can only be purified with blood!"
Eustachio gestures wildly while chanting.
Found a leatherbound book.
The bat closely misses you.
The river rat bites you but does no damage.
The bat closely misses you. The bat barely misses you. The bat misses you.
Edmund says, "You wouldn't believe how much I paid for this flail."
Edmund barely misses you. The bat misses you. The bat closely misses you.
The bat hits you but does no damage. The bat barely misses you. x2
Edmund hits you with a dire flail of protection!
Ouch! That really hurt!
You die...

#..# #..# #..# #..#
#..## #...# #@rb+
#.b.# ##.@@# #....#
#### ##...# ####
####.P#
#...####..##+#......
#......@............
#........###########
##########


You could see Edmund, Eustachio, a river rat and 2 bats.

Vanquished Creatures
  A bat (D:3)
  A giant cockroach (D:4)
  2 hobgoblins (D:1)
  A frilled lizard (D:1)
  A kobold (D:1)
  A rat (D:1)
7 creatures vanquished.

Notes
Turn   | Place    | Note
-------+----------+-------------------------------------------
     0 | D:1      | Amnesiac the Mummy Ice Elementalist began the quest for the
                  | Orb.
     0 | D:1      | Reached XP level 1. HP: 13/13 MP: 4/4
   134 | D:2      | Noticed Sigmund
   166 | D:4      | Noticed a howler monkey
   188 | D:4      | Found a staircase to the Ecumenical Temple.
   191 | D:4      | Noticed Edmund
   212 | D:4      | Found a hide-covered altar of Uskayaw.
   238 | D:4      | Noticed Eustachio
   248 | D:4      | Slain by Edmund

Vault maps used:
D:1:      saegor_arrival_simple_c, minmay_statues_item, minmay_hexomino_r4
D:2:      lemuel_coloured_pillars_altar, uniq_sigmund, uniq_terence
D:3:      first_ration, uniq_natasha
D:4:      corexii_shantytown, old_standard_altar, old_standard_altar,
          minmay_temple_entry_mist, uniq_edmund, uniq_menkaure, uniq_eustachio

Action                   || total
-------------------------++-------
Melee: Unarmed           ||     6
 Cast: Freeze            ||    11
Armor: Robe              ||     4
Dodge: Dodged            ||    19

Table legend:
 A = Non-vault XP
 B = Vault XP
 C = Vault XP percentage of total XP
 D = Non-vault monster count
 E = Vault monster count
 F = Vault count percentage of total count
                 A         B        C        D         E       F
            +---------+---------+-------+---------+---------+-------
      Total |      11 |       0 |   0.0 |       7 |       0 |   0.0
            +---------+---------+-------+---------+---------+-------
        D:1 |       7 |       0 |   0.0 |       5 |       0 |   0.0
        D:3 |       2 |       0 |   0.0 |       1 |       0 |   0.0
        D:4 |       2 |       0 |   0.0 |       1 |       0 |   0.0
            +---------+---------+-------+---------+---------+-------
